 Dungeon Crawl Stone Soup version 0.17-a0-1435-geafbe2f (webtiles) character file.

424 pulse the Skirmisher (level 7, -1/59 HPs)
             Began as a Human Monk on June 26, 2015.
             Was a Priest of Makhleb.
             Slain by an orange demon (3 damage)
             ... summoned by the player character
             ... on level 4 of the Dungeon.
             The game lasted 00:12:41 (2646 turns).

pulse the Skirmisher (Human Monk)                   Turns: 2646, Time: 00:12:43

Health: -1/59      AC:  6    Str: 14    XL:     7   Next: 17%
Magic:  7/7        EV: 12    Int: 15    God:    Makhleb [***...]
Gold:   201        SH:  0    Dex: 15    Spells: 0 memorised, 6 levels left

rFire  . . .     SeeInvis .     o - +2 spear (venom)
rCold  . . .     Clarity  .     f - +1 ring mail
rNeg   + . .     SustAt   .     (no shield)
rPois  .         Gourm    .     (no helmet)
rElec  .         Spirit   .     (no cloak)
rCorr  +         Warding  .     (no gloves)
rMut   .         Stasis   .     (no boots)
MR     .....                    s - amulet of resist corrosion
Stlth  +.........               h - +5 ring of intelligence
                                e - ring of positive energy

@: lethally poisoned (-1 -> -24), weakened, not resistant to hostile
enchantments, very unstealthy
A: no striking features
a: Minor Destruction, Lesser Servant of Makhleb, Renounce Religion


You were on level 4 of the Dungeon.
You worshipped Makhleb.
Makhleb was most pleased with you.
You were not hungry.

You visited 1 branch of the dungeon, and saw 4 of its levels.

You collected 201 gold pieces.

Inventory:

Hand weapons
 d - a +0 war axe
 o - a +2 spear of venom (weapon)
Armour
 f - a +1 ring mail (worn)
 u - the +0 robe "Oxodiuco" {MR+}
   (You found it on level 4 of the Dungeon)

   It affects your resistance to hostile enchantments.
Jewellery
 e - a ring of positive energy (left hand)
 h - a +5 ring of intelligence (right hand)
 s - an amulet of resist corrosion (around neck)
Magical devices
 m - a wand of digging (24)
Scrolls
 i - a scroll of amnesia {unknown}
 j - a scroll of blinking {unknown}
 k - a scroll of recharging
 p - a scroll of enchant weapon
 q - 2 scrolls of magic mapping {unknown}
 t - a scroll of teleportation {unknown}
Potions
 g - a potion of brilliance
 r - a potion of mutation
Comestibles
 b - 2 bread rations
 l - 5 meat rations


   Skills:
 + Level 6.6 Fighting
 * Level 1.5 Axes
 + Level 2.8 Armour
 - Level 3.0 Dodging
 - Level 2.0 Stealth
 - Level 4.0 Unarmed Combat
 + Level 0.1 Spellcasting


You had 6 spell levels left.
You didn't know any spells.

Dungeon Overview and Level Annotations

Branches:
Dungeon (4/15)             Temple (0/1) D:4

Altars:
Makhleb
Nemelex Xobeh
Vehumet

Annotations:
D:4 pulse's ghost, experienced FoFi


Message History

The worker ant twitches its antennae in your direction.
Pulse's ghost hits you.
* * * LOW HITPOINT WARNING * * *
Unknown command.
The worker ant bites you but does no damage.
The orange demon misses you. The orange demon hits you.
* * * LOW HITPOINT WARNING * * *
You hit the worker ant.
The worker ant is poisoned.
The worker ant is moderately wounded.
The worker ant waves its antennae.
The worker ant barely misses you. Pulse's ghost hits you.
* * * LOW HITPOINT WARNING * * *
The worker ant bites you but does no damage.
The orange demon stings you.
* * * LOW HITPOINT WARNING * * *
You are lethally poisoned!
The orange demon poisons you!
You feel your attacks grow feeble. The orange demon hits you.
You die...

##################
#>W...............
#@################
## #.....4a#
.##### #.#####..
...... #.## ......
.. #.# ...... ....
#.# #..... ...###
#.# #.# ......
....# #.# #.#
#...... #.#.# #.#
#.#


You could see an orange demon, a worker ant and pulse's ghost.

Vanquished Creatures
  Sigmund (D:2)
  A scorpion (D:4)
  A quasit (D:3)
  2 orc wizards (D:4)
  A centaur skeleton (D:4)
  3 adders
  An adder skeleton (D:4)
  A worm (D:3)
  2 orcs (D:4)
  6 giant cockroaches
  5 hobgoblins
  12 bats
  3 giant geckos
  5 giant newts
  9 goblins
  9 kobolds
  3 quokkas
  12 rats
77 creatures vanquished.

Notes
Turn   | Place    | Note
--------------------------------------------------------------
     0 | D:1      | pulse the Human Monk began the quest for the Orb.
     0 | D:1      | Reached XP level 1. HP: 18/18 MP: 1/1
    72 | D:1      | Reached XP level 2. HP: 9/24 MP: 2/2
   475 | D:1      | You fall through a shaft!
  1169 | D:2      | Reached XP level 3. HP: 28/30 MP: 3/3
  1219 | D:2      | Found a sparkling altar of Nemelex Xobeh.
  1219 | D:2      | Found a burning altar of Makhleb.
  1300 | D:2      | Became a worshipper of Makhleb the Destroyer
  1300 | D:2      | Acquired Makhleb's first power
  1300 | D:2      | Acquired Makhleb's second power
  1401 | D:2      | Noticed Sigmund
  1412 | D:2      | Killed Sigmund
  1412 | D:2      | Reached skill level 5 in Fighting
  1412 | D:2      | Reached skill level 1 in Armour
  1412 | D:2      | Reached XP level 4. HP: 35/40 MP: 4/4
  1412 | D:2      | Reached XP level 5. HP: 40/46 MP: 5/5
  1470 | D:2      | Reached XP level 6. HP: 49/52 MP: 6/6
  1699 | D:2      | Reached skill level 6 in Fighting
  1962 | D:3      | Found a radiant altar of Vehumet.
  2311 | D:4      | Reached skill level 1 in Axes
  2484 | D:4      | Reached XP level 7. HP: 59/59 MP: 7/7
  2486 | D:4      | Acquired Makhleb's third power
  2501 | D:4      | Found a staircase to the Ecumenical Temple.
  2502 | D:4      | Got a creamy pearl robe
  2513 | D:4      | Identified the +0 robe "Oxodiuco" {MR+} (You found it on level 4 of the Dungeon)
  2561 | D:4      | Noticed pulse's ghost (experienced FoFi)
  2644 | D:4      | Noticed an orange demon
  2646 | D:4      | HP: 2/59 [orange demon[the player character] (3)]
  2646 | D:4      | Slain by an orange demon

Vault maps used:
D:1:      minmay_arrival_cross, serial_curves, eino_curves_03, eino_curves_04
D:2:      grunt_temple_overflow_open, uniq_sigmund
D:3:      vehumet_crystals, first_bread
D:4:      lemuel_castle_with_subvaults, temple_fountains, uniq_duvessa

Action                   |  1- 3 |  4- 6 |  7- 9 || total
-------------------------+-------+-------+-------++-------
Melee: Unarmed           |    36 |       |       ||    36
       Dagger            |    62 |       |       ||    62
       Spear             |     9 |   119 |    46 ||   174
Invok: Minor Destruction |       |       |     1 ||     1
       Lesser Servant of |       |       |     1 ||     1
  Use: Potion            |     4 |       |     2 ||     6
       Scroll            |     4 |     6 |     1 ||    11
 Stab: Sleeping          |     2 |     3 |       ||     5
       Distracted        |       |     1 |       ||     1
  Eat: Chunk             |     1 |     4 |       ||     5
       Bread ration      |       |       |     1 ||     1
